Map: Central Protocol

Players

JonSnow

  • Race: Zerg Zerg
  • League: Grandmaster

MaSa - Winner!

  • Race: Terran Terran
  • League: Grandmaster

VOD

Have the link to the VOD?

Description

Time

  • Played on: Feb. 13, 2016, 6:55 p.m.
  • Length: 9:57
Show
View Real Time Build Order
Export as new Build Order

JonSnow Zerg 

Build Orders: Hatch First 

Get SALT Encoding   

  12  0:00  Drone  
  13  0:12  Overlord  
  13  0:17  Drone  
  14  0:31  Drone x2  
  14  0:35  Drone  
  17  0:53  Hatchery  
  17  0:55  Drone  
  17  1:03  Extractor  
  16  1:05  Drone  
  17  1:15  Spawning Pool  
  17  1:17  Drone  
  17  1:25  Overlord  
  17  1:28  Drone  
  18  1:42  Drone  
  19  2:01  Queen  
  19  2:02  Zergling x4  
  19  2:04  Metabolic Boost  
  19  2:07  Queen  
  25  2:11  Zergling x2  
  26  2:16  Zergling x2  
  26  2:22  Overlord  
  27  2:25  Drone  
  28  2:36  Roach Warren  
  27  2:43  Drone  
  26  2:45  Drone  
  26  3:00  Zergling x6  
  26  3:18  Roach x3  
  26  3:19  Roach  
  33  3:33  Drone x4  
  37  3:38  Drone  
  37  3:39  Drone  
  39  3:49  Queen  
  41  3:55  Overlord  
  40  4:09  Roach  
  42  4:10  Overlord  
  42  4:15  Roach x2  
  42  4:16  Extractor  
  45  4:18  Roach  
  45  4:22  Roach  
  45  4:24  Drone  
  50  4:26  Drone  
  50  4:29  Drone  
  52  4:33  Roach  
  54  4:38  Overlord  
  54  4:43  Drone x2  
  54  4:45  Drone  
  57  4:50  Drone  
  58  4:56  Overlord  
  58  5:08  Ravager x2  
  58  5:09  Ravager  
  58  5:13  Drone x2  
  58  5:14  Drone x4  
  66  5:22  Ravager  
  55  5:39  Drone x10  
  61  5:48  Lair  
  61  5:51  Extractor  
  61  5:52  Evolution Chamber  
  59  6:04  Hatchery  
  59  6:06  Roach x3  
  64  6:14  Overlord, Ravager  
  65  6:20  Roach x3  
  65  6:24  Roach  
  65  6:25  Roach  
  75  6:27  Overlord  
  75  6:30  Overlord  
  75  6:38  Roach x3  
  81  6:43  Overlord x2  
  77  6:48  Zerg Missile Weapons Level 1  
  75  7:01  Roach  
  75  7:02  Roach x4  
  76  7:09  Drone x3  
  76  7:17  Glial Reconstitution  
  76  7:22  Overlord x2  
  76  7:29  Queen  
  78  7:38  Roach x3  
  78  7:40  Drone  
  78  7:42  Drone  
  86  7:47  Ravager  
  86  7:51  Drone x3  
  90  7:54  Roach  
  92  7:58  Extractor  
  92  7:59  Drone x2  
  92  8:00  Drone  
  92  8:04  Roach  
  93  8:07  Roach  
  93  8:13  Roach x2  
  93  8:18  Ravager  
  96  8:22  Roach x3  
  96  8:25  Ravager  
  103  8:28  Roach  
  103  8:30  Roach  
  103  8:32  Drone  
  108  8:35  Roach  
  108  8:39  Overlord  
  105  8:43  Overlord  
  92  8:54  Roach x2  
  88  9:00  Roach  
  90  9:06  Roach  
  92  9:11  Roach  
  92  9:15  Roach  
  96  9:17  Roach  
  92  9:25  Roach x2  
  92  9:28  Roach  
  92  9:30  Roach  
  98  9:33  Ravager  
  98  9:35  Roach  
Show
View Real Time Build Order
Export as new Build Order

MaSa Terran - Winner!

Build Orders: MMM Bio 

Get SALT Encoding   

  12  0:00  SCV  
  13  0:12  SCV  
  14  0:17  Supply Depot  
  14  0:25  SCV  
  15  0:39  SCV  
  15  0:40  Barracks  
  16  0:44  Refinery  
  16  0:51  SCV  
  17  0:59  Barracks  
  17  1:03  SCV  
  18  1:15  SCV  
  19  1:27  Reaper  
  19  1:28  Orbital Command  
  20  1:33  Supply Depot  
  20  1:46  Reaper  
  21  1:53  SCV  
  22  2:03  Reaper  
  23  2:09  Command Center  
  23  2:11  SCV  
  24  2:21  Barracks Reactor  
  24  2:30  SCV  
  25  2:42  SCV  
  25  2:43  Barracks Tech Lab, Command Center  
  26  2:52  Refinery  
  26  2:54  SCV  
  27  3:03  Marine x2  
  29  3:06  SCV  
  29  3:12  Bunker  
  30  3:18  SCV  
  30  3:19  Stimpack  
  31  3:20  Marine  
  31  3:28  Supply Depot  
  31  3:30  SCV, Orbital Command  
  31  3:33  Marine  
  32  3:42  Factory  
  32  3:46  Marine  
  32  3:47  SCV  
  34  3:51  Marine  
  34  3:52  Marine  
  36  3:57  SCV  
  36  4:02  SCV  
  38  4:05  Orbital Command  
  38  4:08  Marine  
  40  4:10  SCV  
  40  4:14  Barracks  
  40  4:15  Marine  
  40  4:16  Marine  
  42  4:19  SCV  
  42  4:22  SCV  
  44  4:27  Factory Reactor, Starport  
  44  4:31  SCV, Marine  
  45  4:33  SCV, Marine  
  45  4:35  SCV  
  45  4:36  Marine  
  50  4:43  SCV, Supply Depot  
  50  4:45  SCV  
  52  4:47  SCV  
  53  4:55  Marine x3, SCV  
  53  4:57  SCV  
  53  4:59  Engineering Bay x2  
  58  5:00  SCV  
  58  5:07  SCV  
  58  5:08  Barracks Reactor  
  58  5:09  SCV  
  58  5:10  Bunker  
  58  5:11  Medivac  
  58  5:12  Marine, Factory Tech Lab  
  63  5:15  Refinery  
  63  5:19  Medivac  
  63  5:21  Marine x2  
  67  5:29  SCV  
  67  5:30  Marine  
  56  5:36  SCV  
  56  5:38  Marine  
  56  5:39  Marine, Combat Shields  
  56  5:40  SCV  
  56  5:42  SCV  
  59  5:47  Marine x2, Refinery  
  59  5:48  Marine, SCV  
  63  5:51  Terran Infantry Armor Level 1  
  63  5:53  SCV  
  63  5:54  Supply Depot  
  64  6:01  Barracks  
  64  6:03  SCV x2  
  66  6:04  Barracks  
  66  6:10  Terran Infantry Weapons Level 1  
  66  6:11  Marine x4  
  67  6:12  Marine  
  67  6:15  SCV  
  72  6:18  Supply Depot  
  72  6:21  Medivac  
  72  6:23  Orbital Command  
  74  6:28  SCV x2  
  74  6:31  Marine x5  
  74  6:32  Supply Depot  
  81  6:37  Siege Tank  
  84  6:41  SCV  
  82  6:47  SCV  
  82  6:49  Marine x4  
  82  6:50  SCV  
  82  6:51  Barracks Reactor x2  
  82  6:53  SCV, Medivac  
  59  6:54  Medivac  
  91  6:58  Marine  
  91  6:59  Supply Depot  
  91  7:00  SCV  
  95  7:03  SCV  
  95  7:06  Marine x2  
  97  7:09  SCV  
  97  7:10  Marine x2  
  97  7:12  SCV  
  101  7:18  Supply Depot  
  101  7:19  Supply Depot  
  101  7:20  Supply Depot  
  101  7:21  Marine, SCV, Siege Tank  
  106  7:23  Medivac  
  106  7:24  Marine  
  109  7:32  Supply Depot  
  109  7:35  Refinery x2  
  109  7:40  Marine x6, SCV x3, Medivac  
  120  7:50  Marine x2  
  122  7:51  Marauder  
  122  7:52  SCV x3  
  122  7:53  Siege Tank  
  122  7:56  Armory  
  130  8:03  Supply Depot  
  130  8:04  SCV  
  131  8:06  Marine x4  
  131  8:07  Marine x3  
  131  8:08  Medivac  
  131  8:12  Medivac  
  141  8:15  SCV  
  141  8:18  SCV  
  141  8:24  Barracks, Supply Depot  
  141  8:25  SCV, Barracks, Supply Depot  
  141  8:26  Barracks, Marine x3  
  141  8:27  Marine, SCV  
  145  8:31  Marine x2  
  149  8:34  Marine  
  149  8:39  Marine  
  149  8:41  Marine  
  148  8:44  SCV x2  
  148  8:45  Marine x2  
  148  8:46  Marine  
  146  8:53  Marine  
  146  8:54  Marine x2  
  146  8:55  Marine  
  142  8:57  Marauder  
  142  8:59  Supply Depot  
  142  9:01  Supply Depot  
  144  9:04  Marine x4  
  147  9:10  Marine, Medivac x2  
  147  9:12  Marine, Barracks Tech Lab  
  147  9:13  Barracks Tech Lab  
  147  9:14  Barracks Tech Lab  
  153  9:18  Marine x3  
  139  9:32  Marine x5, Marauder x2  
  139  9:37  Marine x4  
Tags
 
Add a new tag
Caveats
  • Supply blocks, unpowered buildings, or Contaminate may cause inaccurate times.
  • Supply counts are checked every 10 seconds.